 Dungeon Crawl Stone Soup version 0.27.0-1-g7a089689b8 (webtiles) character file.

Game seed: 4102496325419512213

69 boggle the Insei (level 4, -6/29 HPs)
             Began as an Octopode Transmuter on Aug 12, 2021.
             Mangled by a gnoll sergeant (9 damage)
             ... on level 4 of the Dungeon.
             The game lasted 00:18:46 (1669 turns).

boggle the Insei (Octopode Transmuter)              Turns: 1669, Time: 00:18:47

Health: -6/29      AC:  1    Str: 10    XL:     4   Next: 20%
Magic:  7/7        EV: 13    Int: 15    God:
Gold:   101        SH:  0    Dex: 12    Spells: 6/7 levels left

rFire    . . .     SeeInvis .     - Unarmed
rCold    . . .     Faith    .   (no shield)
rNeg     . . .     Spirit   .   (helmet restricted)
rPois    .         Reflect  .   (no amulet)
rElec    .         Harm     .   (no ring)
rCorr    .         Rampage  .   (no ring)
Will     .....                  (no ring)
Stlth    +++.......             (no ring)
HPRegen  0.09/turn              (no ring)
MPRegen  0.10/turn              (no ring)
                                (no ring)
                                (no ring)

@: no status effects
A: almost no armour, amphibious, 8 rings, camouflage 1, gelatinous body 1,
(nimble swimmer 1), tentacles
a: no special abilities


You were on level 4 of the Dungeon.
You visited 1 branch of the dungeon, and saw 3 of its levels.

You collected 101 gold pieces.

Inventory:

Scrolls
 b - a scroll of identify {unknown}
 d - a scroll of enchant armour {unknown}
 e - a scroll of immolation
 f - a scroll of teleportation {unknown}
 g - a scroll of blinking {unknown}
 j - a scroll of holy word {unknown}
Potions
 a - a potion of curing {unknown}
 c - a potion of berserk rage {unknown}
 h - a potion of magic {unknown}
 i - a potion of degeneration {unknown}


   Skills:
 + Level 1.6 Fighting
 + Level 2.4 Dodging
 + Level 2.1 Stealth
 + Level 3.4 Unarmed Combat
 + Level 2.4 Spellcasting
 + Level 2.5 Transmutations


You had 6 spell levels left.
You knew the following spells:

 Your Spells              Type           Power      Damage    Failure   Level
a - Beastly Appendage     Tmut           18%        N/A       8%          1

Your spell library contained the following spells:

 Spells                   Type           Power      Damage    Failure   Level
 Wereblood                Tmut           9%         N/A       12%         2
 Spider Form              Tmut/Pois      2%         N/A       36%         3
 Ice Form                 Ice/Tmut       5%         N/A       77%         4


Dungeon Overview and Level Annotations

Branches:
Dungeon (2/15)

Altars:
Kikubaaqudgha


Innate Abilities, Weirdness & Mutations

You cannot wear most types of armour.
You are amphibious.
You can wear up to eight rings at the same time.
Your skin changes colour to match your surroundings (Stealth+).
Your rubbery body absorbs attacks. (AC +1, EV +1)
((You are camouflaged near water. (Stealth+)))
You have tentacles for arms and can constrict up to eight enemies at once.


Message History

You constrict the gnoll. The gnoll misses you.
You tentacle-slap the gnoll.
You kill the gnoll!
Your Stealth skill increases to level 2!
You have reached level 4!
You tentacle-slap the gnoll but do no damage.
Your grab misses the gnoll.
Your tentacle spike misses the gnoll.
You tentacle-slap the gnoll, but do no damage.
Your squeeze misses the gnoll. The gnoll misses you. x2
You tentacle-slap the gnoll. You grab the gnoll.
The gnoll is heavily wounded.
You constrict the gnoll. The gnoll barely misses you.
The gnoll completely misses you.
You tentacle-slap the gnoll.
The gnoll is almost dead.
You constrict the gnoll.
You kill the gnoll!
The gnoll misses you. The gnoll closely misses you.
Your transformation is almost over.
The gnoll hits you with a +0 spear.
* * * LOW HITPOINT WARNING * * *
Things that are here:
a +0 club; a +0 whip; a gnoll corpse The gnoll sergeant shouts!
You tentacle-slap the gnoll. You grab the gnoll.
The gnoll is moderately wounded.
You constrict the gnoll, but do no damage.
The gnoll misses you.
You tentacle-slap the gnoll.
You pierce the gnoll, but do no damage.
The gnoll is heavily wounded.
You constrict the gnoll, but do no damage.
The gnoll hits you with a +0 spear.
* * * LOW HITPOINT WARNING * * *
You release your grip on the gnoll.
Your tentacle spike disappears.
The ogre shouts!
There is a stone staircase leading down here.
The gnoll sergeant hits you from afar with a +4 spear!
You die...

#.# #. #.# #. #.# #.##.#
#..#.# #.#^##### ######
#...g.g.# #....# ##.O###.#
#.##.# #.@# #.# #.#..####
######g# #.#.#...#
###....#g####.#.#...#
######g..g.......#.#.#...#
#..)...#.#.#.###.#.#.##..#
###.###......#.###.#.#.....#
#...# #....###.....#.#.....#
#.### ###### ####..#....####
#g #..#.#..#


You could see an ogre and a gnoll sergeant.

Vanquished Creatures
  2 gnolls (D:4)
  An adder (D:2)
  2 worms (D:2)
  2 ball pythons (D:2)
  3 bats (D:1)
  An endoplasm (D:2)
  A giant cockroach (D:1)
  5 goblins
  3 hobgoblins
  2 jackals (D:2)
  9 kobolds
  2 frilled lizards
  3 rats (D:1)
36 creatures vanquished.

Notes
Turn   | Place    | Note
-------+----------+-------------------------------------------
     0 | D:1      | boggle the Octopode Transmuter began the quest for the Orb.
     0 | D:1      | Reached XP level 1. HP: 13/13 MP: 3/3
   308 | D:1      | Reached XP level 2. HP: 11/18 MP: 5/5
   445 | D:1      | Reached skill level 1 in Stealth
   561 | D:1      | Found a faded altar of an unknown god.
   843 | D:2      | Reached XP level 3. HP: 14/23 MP: 4/6
  1376 | D:2      | Found an ancient bone altar of Kikubaaqudgha.
  1532 | D:2      | You fall into a shaft and drop 2 floors!
  1612 | D:4      | Noticed an ogre
  1633 | D:4      | Noticed a gnoll sergeant
  1644 | D:4      | Reached XP level 4. HP: 10/28 MP: 5/7
  1650 | D:4      | HP: 1/29 [gnoll (6)]
  1669 | D:4      | Mangled by a gnoll sergeant

Illustrated notes

Levels and vault maps discovered:
D:1:      psy_arrival_statuary, layout_rooms, hellmonk_ecumenical_altar_blasted
D:2:      minmay_alternating_diamond, layout_loops_ring, basic_altar
D:4:      layout_basic, serial_shops, nicolae_lakefront_shop, uniq_grinder,
          uniq_sigmund

Skill      XL: |  1  2  3 |
---------------+----------+-----
Stealth        | 1 2 |  2.1
Fighting       | |  1.6
Dodging        | |  2.4
Unarmed Combat | |  3.4
Spellcasting   | |  2.4
Transmutations | |  2.5

Action                   |  1- 3 |  4- 6 || total
-------------------------+-------+-------++-------
Melee: Unarmed           |    90 |     5 ||    95
       Tentacles         |    13 |       ||    13
       Constrict         |    21 |     2 ||    23
       Kick              |    12 |     1 ||    13
       Punch             |     3 |     1 ||     4
 Cast: Beastly Appendage |    14 |       ||    14
 Stab: Sleeping          |     5 |       ||     5
Armor: Skin              |     8 |       ||     8
Dodge: Dodged            |    45 |     7 ||    52
